 Dungeon Crawl Stone Soup version 0.32-a0-41-gec2d92a32c (webtiles) character file.

Game seed: 13907332239652782301

110796 hwolsky the Stormcaller (level 16, 27/105 HPs) *EXPLORE*
             Began as a Yellow Draconian Air Elementalist on Oct 25, 2023.
             Was a High Priest of Vehumet.
             Quit the game on level 2 of the Shoals on Jan 25, 2024.
             The game lasted 02:24:22 (35796 turns).

hwolsky the Stormcaller (DrAE)                     Turns: 35796, Time: 02:24:23

Health: 27/105     AC: 20    Str: 10    XL:     16   Next: 8%
Magic:  39/44      EV: 20    Int: 25    God:    Vehumet [*****.]
Gold:   2170       SH:  0    Dex: 11    Spells: 23/45 levels left

rFire   . . .        H - +9 broad axe "Globulus" {speed, Will+}
rCold   . . .        (no shield)
rNeg    . . .        (body armour unavailable)
rPois   .            e - +2 hat
rElec   .            y - +2 cloak
rCorr   +            L - +2 pair of gloves
SInv    .            v - +2 pair of boots
Will    ++...        (no amulet)
Stlth   +            c - ring of magical power
HPRegen 0.37/turn    B - +5 ring of evasion
MPRegen 0.29/turn

%: no passive effects
@: lit by a corona, marked, engulfed (cannot breathe), glowing, studying Axes
A: spit acid, AC +9, unfitting armour, acidic bite, cold-blooded, acid
resistance
a: Breathe Acid, Renounce Religion


You were on level 2 of the Shoals.
You worshipped Vehumet.
Vehumet was extremely pleased with you.
You visited 5 branches of the dungeon, and saw 25 of its levels.
You also visited: Sewer.

You collected 2170 gold pieces.

Inventory:

Hand Weapons
 H - the +9 broad axe "Globulus" (weapon) {speed, Will+}
   (You found it on level 3 of the Lair of Beasts)

   Will+:     It increases your willpower.
Missiles
 a - 2 throwing nets {@!f}
Armour
 e - a +2 hat (worn)
 l - an orb of energy
 v - a +2 pair of boots (worn)
 y - a +2 cloak (worn)
 L - a +2 pair of gloves (worn)
 O - a +0 buckler of reflection
Jewellery
 c - a ring of magical power (left hand)
 B - a +5 ring of evasion (right hand)
 Q - a +6 ring of strength
 S - an amulet of faith
Wands
 h - a wand of mindburst (20)
 m - a wand of iceblast (10)
 q - a wand of flame (43)
 r - a wand of polymorph (23)
 z - a wand of paralysis (1)
 I - a wand of light (8)
 P - a wand of digging (5)
Scrolls
 f - 3 scrolls of fog
 g - 4 scrolls of blinking
 i - 10 scrolls of identify
 k - 3 scrolls of poison
 o - a scroll of torment
 s - a scroll of revelation
 t - 4 scrolls of teleportation
 u - 3 scrolls of fear
 w - 4 scrolls of enchant weapon
 x - 6 scrolls of vulnerability
 C - 2 scrolls of immolation
 G - 2 scrolls of enchant armour
 J - a scroll of silence
 K - a scroll of summoning
 R - a scroll of brand weapon
Potions
 b - a potion of might
 d - 7 potions of heal wounds
 j - 2 potions of mutation
 n - 6 potions of lignification
 p - 2 potions of enlightenment
 A - 2 potions of berserk rage
 D - 11 potions of curing
 E - 3 potions of attraction
 F - 2 potions of haste
 M - a potion of cancellation
 N - a potion of invisibility


   Skills:
 - Level 10.0 Axes
 - Level 10.0 Dodging
 - Level 1.7 Stealth
 - Level 5.0 Shields
 - Level 15.0 Spellcasting
 - Level 1.0 Conjurations
 * Level 20.4 Air Magic


You had 23 spell levels left.
You knew the following spells:

 Your Spells              Type           Power      Damage    Failure   Level
a - Shock                 Conj/Air       100%       1d9       1%          1
b - Airstrike             Air            44%        2d(7-23)  0%          4
c - Static Discharge      Conj/Air       100%       3-8/arc   1%          2
d - Mercury Vapours       Alch/Air       100%       N/A       1%          2
e - Swiftness             Air            88%        N/A       0%          3
f - Silence               Hex/Air        31%        N/A       1%          5
g - Arcjolt               Conj/Air       32%        1d42      1%          5

Your spell library contained the following spells:

 Spells                   Type           Power      Damage    Failure   Level
 Bombard                  Conj/Erth      10%        9d3       63%         6
 Freeze                   Ice            72%        1d8       1%          1
 Kiss of Death            Conj/Necr      84%        2d11      1%          1
 Magic Dart               Conj           92%        1d7       1%          1
 Searing Ray              Conj           46%        2d6       1%          2
 Hailstorm                Conj/Ice       21%        3d7       1%          3
 Frozen Ramparts          Ice            36%        1d6       2%          3
 Summon Small Mammal      Summ           72%        N/A       3%          1
 Fulminant Prism          Conj/Alch      10%        3d8       7%          4
 Call Canine Familiar     Summ           18%        N/A       9%          3
 Confusing Touch          Hex            18%        N/A       9%          3
 Fugue of the Fallen      Necr           18%        N/A       9%          3
 Gell's Gravitas          Tloc           18%        N/A       9%          3
 Teleport Other           Tloc           18%        N/A       9%          3
 Irradiate                Conj/Alch      10%        3d15      17%         5
 Dispel Undead            Necr           18%        3d11      28%         4
 Passage of Golubria      Tloc           18%        N/A       28%         4
 Petrify                  Alch/Erth      18%        N/A       28%         4
 Summon Blazeheart Golem  Fire/Summ      18%        N/A       28%         4
 Metabolic Englaciation   Hex/Ice        9%         N/A       63%         5
 Dispersal                Tloc           9%         N/A       99%         6
 Lehudib's Crystal Spear  Conj/Erth      10%        10d4      100%        8


Dungeon Overview and Level Annotations

Branches:
Dungeon (14/15) Zot: 24637  Temple (0/1) D:6            Lair (5/5) D:8 Zot: 19792
 Shoals (2/4) Lair:3 Zot: 10071   Snake (2/4) Lair:2 Zot: 9659   Slime (0/5) Lair:5
    Orc (2/2) D:10 Zot: 9861     Elf (0/3) Orc:2         Sewer (visited)
 Vaults: D:13-14

Altars:
Cheibriados
Fedhas
Kikubaaqudgha
Nemelex Xobeh
Okawaru
Trog
Uskayaw
Vehumet
Wu Jian
Xom
Zin
Jiyva

Shops:
D:7 ?:   D:11 [   Orc:1 ?   Orc:2 ::(!

Portals:
Trove: D:13 (give +4 demon whip)

Annotations:
Snake:2 Vashnia


Innate Abilities, Weirdness & Mutations

You can spit globs of acid.
Your golden yellow scales are hard. (AC +9)
You cannot fit into any form of body armour.
You have acidic saliva.
You are cold-blooded and may be slowed by cold attacks.
You are resistant to acid. (rCorr)


Message History

You gasp with relief as air once again reaches your lungs.
You are no longer terrified.
You feel sick.
The faun shoots a sling bullet.
The sling bullet hits you but does no damage.
The merfolk hits you with a +0 trident. The sea snake closely misses you.
The merfolk closely misses you.
The faun shoots a sling bullet.
The sling bullet hits you but does no damage.
The manticore bites you. The manticore completely misses you.
The manticore closely misses you. The merfolk misses you.
The sea snake bites you. The skyshark bites you!
The skyshark enters a blood-rage!
The skyshark closely misses you. The skyshark tail-slaps you.
The water elemental misses you.
The merfolk hits you from afar with a +0 halberd.
The skyshark bites you.
The skyshark tastes blood and grows stronger!
The skyshark closely misses you.
The skyshark tail-slaps you but does no damage.
Unknown command.
Unknown command.
Unknown command.
Unknown command.
Unknown command.
Casting: Arcjolt (mildly dangerous; 1% risk of failure)
Confirm with . or Enter, or press ? or * to list all spells.
Electricity surges outward!
The skyshark is struck by an electric surge!
The skyshark is almost dead.
The manticore is struck by an electric surge!!
The manticore is severely wounded.
The skyshark is struck by an electric surge.
The sea snake is struck by an electric surge!
You kill the sea snake!
Vehumet accepts your kill.
You feel your power returning.
The water elemental resists.
The water elemental is struck by an electric surge!
The water elemental is almost destroyed.
The merfolk is struck by an electric surge!
The merfolk is lightly wounded.
The water nymph is struck by an electric surge!!
The water nymph is severely wounded.
The merfolk is struck by an electric surge!!
The merfolk is heavily wounded.
The faun is struck by an electric surge!!
The faun is heavily wounded.
The faun is struck by an electric surge!!
The faun is heavily wounded.
The faun is struck by an electric surge.
The faun is lightly wounded.
The plant is struck by an electric surge!
The plant begins to die.
The plant is lightly damaged.
The faun is struck by an electric surge!!!
The faun is severely wounded.
You feel yourself speed up.
You feel sick.
You are no longer poisoned.
The skyshark bites you!
The skyshark tail-slaps you but does no damage. x2
The manticore closely misses you.
The manticore claws you but does no damage.
The manticore claws you.
* * * LOW HITPOINT WARNING * * *
The merfolk completely misses you.
A sea snake comes into view.
The water elemental hits you.
* * * LOW HITPOINT WARNING * * *
The water elemental engulfs you in water!
The skyshark barely misses you. The skyshark tail-slaps you.
* * * LOW HITPOINT WARNING * * *
The skyshark completely misses you.
The merfolk hits you from afar with a +0 halberd!
* * * LOW HITPOINT WARNING * * *
The skyshark misses you. x2; The skyshark barely misses you.
Unknown command.
Unknown command.
Unknown command.
Unknown command.
Unknown command.
Unknown command.
Unknown command.
Unknown command.
Unknown command.
Unknown command.
Unknown command.
Unknown command.
Unknown command.
Unknown command.
You cannot cast spells while unable to breathe!
Okay, then.
Saving game... please wait.
Lua error: /dgldir/rcfiles/crawl-git/hwolsky.rc:430: '' expected near 'end' Welcome back, hwolsky the Yellow Draconian Air Elementalist.
Vehumet says: Let it end in hellfire!
Press ? for a list of commands and other information.
Saving game... please wait.
Lua error: /dgldir/rcfiles/crawl-git/hwolsky.rc:430: '' expected near 'end' Welcome back, hwolsky the Yellow Draconian Air Elementalist.
Vehumet says: Let it end in hellfire!
Press ? for a list of commands and other information.
Are you sure you want to abandon this character and quit the game? (Confirm with "yes".)

~~P...~~~~P~~~
~~.#..~~~~~~
~~...~~~....~~~..
....~~~~..~..~.c#
....~~~....P....#
#........Scc.~(####
###.....† #cc.†~...#
........## #FE$~~..#
........~###@F....##
.......~~~mmH))..##
..^.....##~m[†..##
.#.......##.t.###
#.###.<####..# ..
#.### ....# . ...
....)# ..... .?~~.#
..~~~~ ~~~~..


You could see 2 skysharks, a satyr, a sea snake, a snapping turtle, 2 merfolk, 4
fauns, a manticore, a water elemental and a water nymph.

Vanquished Creatures
  Jorgrun (Orc:1)
  Asterion (Snake:2)
  Donald (Orc:2)
  2 merfolk impalers
  A fire dragon (D:14)
  Erolcha (Orc:2)
  3 hydras
  5 catoblepae
  2 ogre magi (Orc:2)
  An anaconda (Snake:1)
  5 centaur warriors
  2 boulder beetles
  A merfolk aquamancer (Shoals:1)
  A merfolk avatar (Shoals:2)
  A deep troll shaman (Lair:5)
  2 tengu warriors (D:13)
  5 two-headed ogres
  8 death yaks
  5 naga warriors
  A shock serpent (Snake:1)
  Nergalle (Lair:3)
  3 naga sharpshooters
  Urug (Lair:1)
  2 skeletal warriors
  2 skysharks (Lair:5)
  6 sea snakes
  2 naga ritualists (Snake:2)
  5 slime creatures
  A mana viper (Snake:2)
  Pikel (D:4)
  A lindwurm (Lair:5)
  An orc knight (Orc:2)
  2 deep elf pyromancers (D:13)
  3 harpies (D:13)
  7 orc sorcerers (Orc:2)
  4 cyclopes
  5 manticores
  2 salamanders
  10 ugly things
  A water nymph (Shoals:1)
  27 elephants
  2 naga magi (Snake:1)
  11 black mambas
  3 merfolk sirens
  3 gargoyles
  A torpor snail (Lair:4)
  A molten gargoyle (Lair:3)
  2 unseen horrors
  11 cane toads
  A kobold demonologist (D:11)
  Maggie (D:9)
  2 efreet
  8 komodo dragons
  A rime drake (Lair:5)
  A queen bee (shapeshifter) (D:13)
  7 trolls
  16 merfolk
  2 wind drakes
  22 blink frogs
  A hornet (D:10)
  5 snapping turtles
  Sigmund (D:6)
  2 culicivoras (shapeshifter) (D:13)
  A shadow (D:11)
  3 water elementals (Shoals:1)
  2 wraiths
  6 wyverns
  42 yaks
  5 basilisks
  3 steam dragons
  A warg (Orc:2)
  5 vampire mosquitoes
  3 acid dragons
  12 nagas
  12 water moccasins
  10 orc warriors
  2 black bears
  2 ice beasts
  5 ogres
  31 wolves
  7 centaurs
  3 phantoms
  2 lemures (D:4)
  4 kobold brigands
  3 scorpions
  15 bullfrogs
  A gnoll sergeant (D:8)
  5 wights
  5 killer bees (D:11)
  3 howler monkeys
  2 electric eels
  4 crimson imps (D:10)
  2 hounds
  3 jellies
  Crazy Yiuf (D:4)
  A gnoll bouda (D:10)
  8 orc priests
  2 iguanas
  35 orc wizards
  Natasha (thrice) (D:2)
  11 gnolls
  5 river rats
  9 adders
  A shadow imp (D:6)
  3 ribbon worms
  4 dart slugs
  53 orcs
  11 endoplasms
  4 giant cockroaches
  6 goblins
  5 hobgoblins
  8 jackals
  31 kobolds
  2 quokkas
  10 ball pythons
  7 bats
  3 frilled lizards
  10 rats
677 creatures vanquished.

Vanquished Creatures (collateral kills)
  A kobold brigand (D:7)
  2 kobolds (D:7)
3 creatures vanquished.

Vanquished Creatures (others)
  Maurice (D:10)
  2 orc wizards
  An orc (D:14)
4 creatures vanquished.

Grand Total: 684 creatures vanquished

Notes
Turn   | Place    | Note
-------+----------+-------------------------------------------
     0 | D:1      | hwolsky the Draconian Air Elementalist began the quest for
                  | the Orb.
     0 | D:1      | Reached XP level 1. HP: 14/14 MP: 3/3
   105 | D:1      | Entered explore mode.
   250 | D:1      | Reached XP level 2. HP: 19/20 MP: 5/5
  1152 | D:2      | Noticed Natasha
  1161 | D:2      | Killed Natasha
  1162 | D:2      | Reached skill level 4 in Air Magic
  1162 | D:2      | Reached XP level 3. HP: 21/26 MP: 6/6
  1521 | D:2      | You fall into a shaft and drop 2 floors!
  1545 | D:4      | Reached XP level 4. HP: 10/33 MP: 7/7
  1647 | D:4      | Identified the +4 robe "Plog" {rElec rN+ Int+3}
  1647 | D:4      | Noticed a lemure
  1647 | D:4      | Noticed a lemure
  1647 | D:4      | Noticed Pikel
  1650 | D:4      | Noticed a lemure
  1694 | D:3      | Slain by a river rat (4 damage)
  1826 | D:3      | Found a glowing drain.
  1841 | Sewer    | Entered a sewer
  1944 | Sewer    | Reached skill level 5 in Air Magic
  1944 | Sewer    | Reached XP level 5. HP: 38/38 MP: 8/8
  2478 | Sewer    | Reached XP level 6. HP: 28/45 MP: 3/9
  2807 | D:3      | Found a snail-covered altar of Cheibriados.
  2848 | D:3      | Reached skill level 6 in Air Magic
  3027 | D:3      | Found a radiant altar of Vehumet.
  3052 | D:3      | Became a worshipper of Vehumet
  3750 | D:2      | Noticed Natasha
  3757 | D:2      | Killed Natasha
  4263 | D:2      | Noticed Natasha
  4279 | D:2      | Killed Natasha
  4373 | D:4      | Your scales start taking on a golden yellow colour.
  4373 | D:4      | Reached XP level 7. HP: 50/50 MP: 10/10
  4373 | D:4      | Gained mutation: You are resistant to acid. (rCorr) [Yellow
                  | Draconian growth]
  4510 | D:4      | Blown up by Pikel (12 damage)
                  | ... with a mindburst bolt
  4514 | D:4      | Killed Pikel
  4515 | D:4      | Reached skill level 5 in Dodging
  4515 | D:4      | Reached skill level 8 in Air Magic
  4653 | D:4      | Reached * piety under Vehumet
  4653 | D:4      | Offered knowledge of Foxfire by Vehumet.
  4660 | D:4      | Reached XP level 8. HP: 57/57 MP: 11/11
  4870 | D:4      | Found a runed translucent door.
  4871 | D:4      | Noticed Crazy Yiuf
  5038 | D:4      | Killed Crazy Yiuf
  5043 | D:4      | Identified the +1 hammer "Isaweph" {protect, rN+ Will+
                  | Int+3}
  5142 | D:5      | Entered Level 5 of the Dungeon
  5385 | D:5      | Reached skill level 9 in Air Magic
  5516 | D:5      | Slain by an unseen horror (6 damage)
  5568 | D:5      | Slain by an unseen horror (9 damage)
  5767 | D:4      | Learned a level 4 spell: Airstrike
  6362 | D:5      | Killed an unseen horror
  6363 | D:5      | Reached skill level 10 in Air Magic
  6788 | D:6      | Reached skill level 11 in Air Magic
  6788 | D:6      | Reached XP level 9. HP: 21/62 MP: 5/12
  7080 | D:6      | Found a staircase to the Ecumenical Temple.
  7231 | D:6      | HP: 1/62 [orc warrior/+0 glaive (5)]
  7233 | D:6      | Slain by a steam dragon (5 damage)
  7250 | D:6      | HP: 1/62 [orc warrior/+0 glaive (11)]
  7253 | D:6      | Slain by an orc wizard
                  | ... wielding a +0 dagger
                  | (2 damage)
  7269 | D:6      | Slain by an orc warrior
                  | ... wielding a +0 glaive
                  | (6 damage)
  7274 | D:6      | Reached skill level 12 in Air Magic
  7335 | D:6      | Offered knowledge of Sandblast by Vehumet.
  7340 | D:6      | Learned a level 2 spell: Static Discharge
  7447 | D:6      | Reached ** piety under Vehumet
  7453 | D:6      | Noticed Sigmund
  7461 | D:6      | Killed Sigmund
  7713 | D:6      | Found an iron altar of Okawaru.
  7713 | D:6      | Found a glowing silver altar of Zin.
  7880 | D:7      | Found a blossoming altar of Fedhas.
  7887 | D:7      | Found Casesh's Magic Scroll Shoppe.
  8041 | D:7      | Reached skill level 13 in Air Magic
  8369 | D:7      | Upgraded the game from 0.31-a0-963-ga325b2283a to
                  | 0.31-a0-965-g8a8ce12e04
  8480 | D:7      | Found Foadwema's Tiny Tomes.
  9235 | D:8      | Offered knowledge of Mercury Vapours by Vehumet.
  9236 | D:8      | Reached XP level 10. HP: 35/69 MP: 13/13
  9381 | D:8      | Learned a level 2 spell: Mercury Vapours
  9658 | D:8      | HP: 1/69 [komodo dragon (11)]
  9659 | D:8      | Shot with an arrow by a centaur (2 damage)
                  | ... while petrified by a basilisk
  9667 | D:8      | Reached skill level 14 in Air Magic
  9819 | D:8      | Found a staircase to the Lair.
  9888 | Lair:1   | Entered Level 1 of the Lair of Beasts
  9897 | D:8      | Mangled by a komodo dragon (21 damage)
  9902 | D:8      | Slain by a yak (9 damage)
  9910 | D:8      | Slain by a komodo dragon (25 damage)
  9924 | D:8      | HP: 1/69 [yak (10)]
  9927 | D:8      | Slain by a yak (4 damage)
  9940 | D:8      | Reached *** piety under Vehumet
 10361 | D:9      | Reached skill level 15 in Air Magic
 10445 | D:9      | Upgraded the game from 0.31-a0-965-g8a8ce12e04 to
                  | 0.31-a0-978-g1e143483b6
 10806 | D:9      | Noticed Maggie
 10852 | D:9      | Killed Maggie
 10855 | D:9      | Slain by a yak (12 damage)
 10909 | D:9      | HP: 1/69 [yak (8)]
 10920 | D:9      | Mangled by a yak (11 damage)
 11013 | D:9      | Noticed a centaur warrior
 11022 | D:9      | Shot with an arrow by a centaur warrior (16 damage)
 11052 | D:9      | Killed a centaur warrior
 11053 | D:9      | Reached skill level 5 in Spellcasting
 11053 | D:9      | Reached XP level 11. HP: 35/74 MP: 12/18
 11312 | D:9      | Learned a level 3 spell: Swiftness
 11323 | D:10     | Entered Level 10 of the Dungeon
 11438 | D:10     | Found an ornate altar of the Wu Jian Council.
 11454 | D:10     | Noticed Maurice
 11462 | D:10     | Offered knowledge of Volatile Blastmotes by Vehumet.
 11462 | D:10     | Paralysed by a hornet for 3 turns
 11464 | D:10     | HP: 2/74 [hornet (14)]
 11465 | D:10     | Succumbed to a hornet's poison
 11466 | D:10     | Paralysed by a hornet for 3 turns
 11469 | D:10     | Killed by divine providence
                  | ... invoked by an orc priest
                  | (9 damage)
 11471 | D:10     | Paralysed by a hornet for 3 turns
 11477 | D:10     | Slain by a hornet (11 damage)
 11485 | D:10     | Something stole a +5 ring of evasion
 11487 | D:10     | HP: 3/74 [poisoned by a hornet]
 11487 | D:10     | Mangled by a hornet (13 damage)
 11487 | D:10     | Something stole 2 throwing nets {@!f}
 11488 | D:10     | Paralysed by a hornet for 1 turns
 11488 | D:10     | Something stole an orb of energy
 11489 | D:10     | Something stole 462 gold
 11489 | D:10     | Something stole 113 gold
 11492 | D:10     | HP: 3/74 [poisoned by a hornet]
 11494 | D:10     | Succumbed to a hornet's poison
 11495 | D:10     | Paralysed by a hornet for 3 turns
 11497 | D:10     | Mangled by a hornet (13 damage)
                  | ... while paralysed by a hornet
 11502 | D:10     | Mangled by a hornet (14 damage)
 11507 | D:10     | Paralysed by a hornet for 3 turns
 11508 | D:10     | HP: 1/74 [poisoned by a hornet]
 11509 | D:10     | Succumbed to a hornet's poison
                  | ... while paralysed by a hornet
 11517 | D:10     | HP: 3/74 [poisoned by a hornet]
 11519 | D:10     | HP: 1/74 [poisoned by a hornet]
 11520 | D:10     | Mangled by a gargoyle
                  | ... wielding a +0 flail
                  | (8 damage)
 11532 | D:10     | Killed from afar by a gargoyle (11 damage)
                  | ... with a stone arrow
 11572 | D:10     | Something stole a throwing net {@!f}
 11573 | D:10     | HP: 3/74 [/static electricity (3)]
 11573 | D:10     | Killed Maurice
 11573 | D:10     | Killed from afar by a steam dragon (13 damage)
                  | ... with a ball of steam
 11701 | D:10     | Found a sparkling altar of Nemelex Xobeh.
 11904 | D:10     | Found a shimmering altar of Xom.
 12076 | D:10     | Found a hide-covered altar of Uskayaw.
 12110 | D:10     | Found a bloodstained altar of Trog.
 12368 | D:10     | Found a staircase to the Orcish Mines.
 12416 | D:10     | Noticed a two-headed ogre
 12417 | D:10     | Noticed a two-headed ogre
 12419 | D:10     | Noticed a two-headed ogre
 12426 | D:10     | HP: 2/74 [two-headed ogre/+0 dire flail (9)]
 12427 | D:10     | Slain by a two-headed ogre
                  | ... wielding a +0 dire flail
                  | (2 damage)
 12433 | D:10     | Killed a two-headed ogre
 12439 | D:10     | Slain by a two-headed ogre
                  | ... wielding a +0 giant club
                  | (13 damage)
 12446 | D:10     | Killed a two-headed ogre
 12446 | D:10     | Killed a two-headed ogre
 12446 | D:10     | Reached **** piety under Vehumet
 12496 | D:10     | Noticed a two-headed ogre
 12504 | D:10     | Killed a two-headed ogre
 12843 | D:11     | Found Faak's Armour Shoppe.
 12964 | D:11     | Offered knowledge of Yara's Violent Unravelling by Vehumet.
 13241 | D:11     | Noticed a boulder beetle
 13263 | D:11     | HP: 2/74 [troll (7)]
 13265 | D:11     | Mangled by a boulder beetle (13 damage)
 13431 | D:11     | Slain by a boulder beetle (9 damage)
 13435 | D:11     | Killed a boulder beetle
 14163 | D:11     | Slain by a gargoyle
                  | ... wielding a +0 mace
                  | (14 damage)
 14288 | D:11     | Reached XP level 12. HP: 81/81 MP: 23/25
 14421 | D:12     | HP: 4/81 [/static electricity (5)]
 14422 | D:12     | Killed by their own static electricity (2 damage)
 14427 | D:12     | Annihilated by a very large slime creature (52 damage)
 14432 | D:12     | HP: 1/81 [very large slime creature (50)]
 14433 | D:12     | Mangled by a very large slime creature (7 damage)
 14608 | D:12     | Noticed a two-headed ogre
 14623 | D:12     | Killed a two-headed ogre
 14689 | D:12     | HP: 4/81 [gargoyle/stone arrow (6)]
 14690 | D:12     | HP: 1/81 [gargoyle/+0 mace (3)]
 15261 | Lair:1   | Reached skill level 10 in Spellcasting
 15328 | Lair:1   | Noticed Urug
 15346 | Lair:1   | Slain by Urug
                  | ... wielding a +6 great sword
                  | (14 damage)
 15354 | Lair:1   | Killed Urug
 16873 | Lair:1   | Noticed a catoblepas
 16903 | Lair:1   | Mangled by a catoblepas (18 damage)
 16908 | Lair:1   | Killed a catoblepas
 16909 | Lair:1   | Reached skill level 16 in Air Magic
 17220 | Lair:2   | Noticed an eight-headed hydra
 17233 | Lair:2   | Killed an eight-headed hydra
 17415 | Lair:2   | HP: 3/81 [wyvern (2)]
 17416 | Lair:2   | HP: 1/81 [poisoned by a cane toad]
 17417 | Lair:2   | Succumbed to a cane toad's poison
 17509 | Lair:2   | HP: 3/81 [/static electricity (4)]
 17509 | Lair:2   | Killed by their own static electricity (3 damage)
 17561 | Lair:2   | Reached ***** piety under Vehumet
 17880 | Lair:2   | Reached skill level 10 in Dodging
 17883 | Lair:2   | Offered knowledge of Spellforged Servitor by Vehumet.
 17896 | Lair:2   | Reached XP level 13. HP: 69/86 MP: 0/27
 18037 | Lair:2   | Found a staircase to the Snake Pit.
 18185 | Lair:2   | HP: 3/86 [elephant (5)]
 18186 | Lair:2   | Slain by an elephant (6 damage)
 18832 | Lair:3   | Noticed Nergalle
 18836 | Lair:3   | Reached skill level 17 in Air Magic
 18838 | Lair:3   | Upgraded the game from 0.31-a0-978-g1e143483b6 to
                  | 0.31-a0-983-g7b6862f502
 18838 | Lair:3   | Slain by a spectral orc knight (10 damage)
                  | ... summoned by Nergalle
 18858 | Lair:3   | Slain by a spectral orc knight
                  | ... wielding a +0 long sword
                  | ... summoned by Nergalle
                  | (7 damage)
 18871 | Lair:3   | Slain by a spectral orc warrior
                  | ... wielding a +0 halberd
                  | ... summoned by Nergalle
                  | (10 damage)
 18883 | Lair:3   | Slain by a spectral orc knight
                  | ... wielding a +0 long sword
                  | ... summoned by Nergalle
                  | (8 damage)
 18897 | Lair:3   | Killed Nergalle
 19314 | Lair:3   | Slain by a death yak (13 damage)
 19317 | Lair:3   | Slain by a death yak (11 damage)
 19803 | Lair:3   | Learned a level 5 spell: Silence
 19803 | Lair:3   | Upgraded the game from 0.31-a0-983-g7b6862f502 to
                  | 0.31-a0-986-g5e6e4ef867
 19811 | Lair:3   | Reached skill level 18 in Air Magic
 20130 | Lair:3   | Identified the +9 broad axe "Globulus" {speed, Will+}
 20161 | Lair:3   | Mangled by an elephant (13 damage)
 20193 | Lair:3   | HP: 2/86 [elephant (5)]
 20197 | Lair:3   | Killed by their own static electricity (4 damage)
 20532 | Lair:3   | Found a staircase to the Shoals.
 21076 | Lair:4   | Reached skill level 19 in Air Magic
 21350 | Lair:4   | HP: 3/86 [blink frog (11)]
 21353 | Lair:4   | Slain by a blink frog (7 damage)
 22441 | Lair:4   | Gained mutation: You have acidic saliva. [Yellow Draconian
                  | growth]
 22441 | Lair:4   | Reached XP level 14. HP: 80/93 MP: 28/28
 22604 | Lair:5   | Entered Level 5 of the Lair of Beasts
 23312 | Lair:5   | HP: 2/93 [death yak (3)]
 23313 | Lair:5   | Slain by a death yak (6 damage)
                  | ... while petrified by a catoblepas
 23320 | Lair:5   | Reached skill level 20 in Air Magic
 23321 | Lair:5   | HP: 4/93 [/static electricity (5)]
 23322 | Lair:5   | HP: 1/93 [/static electricity (3)]
 23322 | Lair:5   | Slain by a death yak (4 damage)
 25053 | Lair:5   | Found a staircase to the Slime Pits.
 25054 | Lair:5   | Found a viscous altar of Jiyva.
 26450 | D:13     | Offered knowledge of Arcjolt by Vehumet.
 26796 | D:13     | Found a portal to a secret trove of treasure.
 26952 | D:14     | Learned a level 5 spell: Arcjolt
 27667 | D:13     | HP: 2/93 [basilisk (3)]
 27668 | D:13     | Slain by a catoblepas (3 damage)
                  | ... while petrified by a catoblepas
 27984 | D:14     | HP: 1/93 [white ugly thing (5)]
 27984 | D:14     | Annihilated by a white ugly thing (31 damage)
 28027 | D:14     | HP: 3/93 [/static electricity (3)]
 28028 | D:14     | Slain by a red ugly thing (7 damage)
 28064 | D:14     | Slain by a white ugly thing (30 damage)
 28100 | D:14     | Reached XP level 15. HP: 25/99 MP: 12/32
 28700 | D:14     | HP: 1/99 [yaktaur/bolt (14)]
 28701 | D:14     | Mangled by a boulder beetle (11 damage)
 28709 | D:14     | HP: 2/99 [centaur warrior/arrow (13)]
 28710 | D:14     | Shot with an arrow by a centaur warrior (11 damage)
 29218 | Orc:1    | Entered Level 1 of the Orcish Mines
 29274 | Orc:1    | Found Zosuuq's Magic Scroll Emporium.
 29326 | Orc:2    | Entered Level 2 of the Orcish Mines
 29326 | Orc:2    | Noticed Jorgrun
 29339 | Orc:1    | Killed from afar by Jorgrun (39 damage)
                  | ... with an iron shot
 29341 | Orc:1    | Killed Jorgrun
 30299 | Orc:2    | Found a staircase to the Elven Halls.
 30309 | Orc:2    | Noticed Donald
 30315 | Orc:2    | Killed Donald
 30435 | Orc:2    | Found Jiggisuq's Book Shop.
 30585 | Orc:2    | Found a radiant altar of Vehumet.
 30585 | Orc:2    | Paralysed by an orc sorcerer for 2 turns
 30586 | Orc:2    | Noticed Erolcha
 30589 | Orc:2    | Paralysed by an orc sorcerer for 5 turns
 30603 | Orc:2    | Found Uxkaera's Antique Weapon Boutique.
 30604 | Orc:2    | Killed Erolcha
 30615 | Orc:2    | Killed from afar by an ogre mage (24 damage)
                  | ... with a bolt of magma
 30666 | Orc:2    | Reached skill level 15 in Spellcasting
 30839 | Orc:2    | Found an ancient bone altar of Kikubaaqudgha.
 30858 | Orc:2    | Found Qomeg's Distillery.
 30897 | Orc:2    | Reached skill level 1 in Axes
 30964 | Orc:2    | Found Zisefy's Book Boutique.
 31481 | Snake:1  | Entered Level 1 of the Snake Pit
 31494 | Snake:1  | Reached skill level 1 in Shields
 31778 | Snake:1  | You fall into a shaft and drop 1 floor!
 31892 | Snake:2  | Offered knowledge of Bombard by Vehumet.
 31911 | Snake:2  | HP: 2/99 [constriction (3)]
 31912 | Snake:2  | Succumbed to a naga ritualist's toxic radiance
 31925 | Snake:2  | HP: 1/99 [naga ritualist/Olgreb's Toxic Radiance (4)]
 31925 | Snake:2  | Killed by Olgreb's Toxic Radiance
                  | ... invoked by a naga ritualist
                  | (2 damage)
 32249 | Snake:2  | Noticed Asterion
 32256 | Snake:2  | Killed Asterion
 32257 | Snake:2  | Reached skill level 5 in Axes
 32788 | Snake:2  | Noticed Vashnia
 32796 | Snake:2  | HP: 4/99 [poisoned by Vashnia (splash of poison)]
 32797 | Snake:2  | Killed from afar by Vashnia (11 damage)
                  | ... with a splash of poison
 33919 | Shoals:1 | Entered Level 1 of the Shoals
 34073 | Shoals:1 | HP: 3/97 [merfolk/+0 trident[a merfolk aquamancer] (6)]
 34077 | Shoals:1 | Mangled by a water elemental (13 damage)
                  | ... led by a merfolk aquamancer
 34102 | Shoals:1 | Slain by a merfolk
                  | ... wielding a +0 trident
                  | (12 damage)
 34577 | Shoals:1 | Upgraded the game from 0.31-a0-986-g5e6e4ef867 to
                  | 0.31-a0-1074-g0b22e4e0f1
 35033 | Shoals:1 | Reached skill level 10 in Axes
 35113 | Shoals:1 | Reached skill level 5 in Shields
 35789 | Shoals:2 | Slain by a merfolk
                  | ... wielding a +0 trident
                  | (11 damage)
 35791 | Shoals:2 | Reached XP level 16. HP: 81/105 MP: 27/35
 35793 | Shoals:2 | Shot with an arrow by a satyr (23 damage)
 35796 | Shoals:2 | Upgraded the game from 0.31-a0-1074-g0b22e4e0f1 to
                  | 0.32-a0-41-gec2d92a32c
 35796 | Shoals:2 | Quit the game

Illustrated notes

Levels and vault maps discovered:
D:1:      tarquinn_simple_flora_water_c, layout_basic, chequers_jeans,
          corexii_hall_statues_i, minmay_misc_feat_hallway
D:2:      layout_loops_ring, uniq_natasha
D:3:      layout_basic, mainiacjoe_overflow_alcove_1, lemuel_crystal_altar,
          gup_sewer_entry_bubbles, chequers_avenue
D:4:      layout_basic, uniq_crazy_yiuf_cottage, uniq_pikel
D:5:      layout_cave_pods
D:6:      layout_cave_pools, gammafunk_temple_overflow_elements,
          minmay_temple_entry_hall, uniq_sigmund
D:7:      layout_loops_ring, fedhas_ov_isle_minmay, serial_shops, shop,
          minmay_misc_feat_doors, serial_bayou_pond_c,
          nicolae_shop_i_like_small_books_too
D:8:      layout_gridville, david_lair_shrubbed, minivault_26, dk_noncrumbling_3
D:9:      layout_basic, uniq_maggie
D:10:     minmay_evil_eye, layout_rooms, led_xom_imps,
          mainiacjoe_overflow_alcove_4, mainiacjoe_overflow_surrounded_room,
          mainiacjoe_overflow_large_starburst, orc_0_dummy, uniq_maurice
D:11:     layout_basic, serial_shops, shop, minmay_diced_spiral
D:12:     layout_cave_pools
D:13:     kennysheep_six_static_rooms, layout_gridville,
          nicolae_trove_entry_crystal, serial_park_tiny_pond,
          minmay_misc_feat_alley, argonaut_gorgonesque
D:14:     layout_roguey, david_vaults_5, serial_bayou_shore_a, vehumet_statue
Lair:1:   layout_roguey, hibernation_bobbens, uniq_urug
Lair:2:   layout_cave_pods, guppyfry_snake_entry_island, grunt_megastairs_4,
          infiniplex_staircase_pool
Lair:3:   layout_gridlike, minmay_shoals_entry_lonely_mermaid, uniq_nergalle
Lair:4:   layout_regular_city
Lair:5:   grunt_lair_end_beastmaster, layout_cave_shapes,
          nicolae_slime_entry_slimehenge, chequers_serial_rivers_micro_c,
          serial_bayou_shore_b, infiniplex_staircase_pool_2
Shoals:1: layout_shoals
Shoals:2: layout_shoals, uniq_nikola
Snake:1:  layout_onion, grunt_megastairs_1
Snake:2:  layout_onion_interference, st_stairs_10, nicolae_snake_gridmaze_waves,
          uniq_asterion, uniq_vashnia
Orc:1:    layout_diamond_mine, serial_shops, shop
Orc:2:    kennysheep_orc_mage_school, layout_caves, uniq_donald, uniq_erolcha,
          uniq_jorgrun

Skill      XL: |  1  2  3  4  5  6  7  8  9 10 11 12 13 14 15 |
---------------+----------------------------------------------+-----
Dodging        | 2 3 4 5 6 8 10 | 10.0
Air Magic      | 4 5 6 8 11 13 15 16 19 20 | 20.4
Spellcasting   | 5 9 10 13 15 | 15.0
Axes           | 10 | 10.0
Shields        | 5 |  5.0
Stealth        | |  1.7
Conjurations   | |  1.0

Action                     |  1- 3 |  4- 6 |  7- 9 | 10-12 | 13-15 | 16-18 || total
---------------------------+-------+-------+-------+-------+-------+-------++-------
  Melee: Dagger            |     2 |    35 |    92 |   220 |   301 |       ||   650
         Tailslap          |       |     2 |    15 |    39 |    94 |       ||   150
         Punch             |       |       |     2 |     4 |     7 |       ||    13
         Unarmed           |       |       |       |    20 |       |       ||    20
         Bite              |       |       |       |       |    49 |       ||    49
         Broad axe         |       |       |       |       |   203 |       ||   203
   Cast: Shock             |    68 |   205 |   328 |   601 |   272 |       ||  1474
         Airstrike         |       |       |    19 |    73 |   511 |       ||   603
         Static Discharge  |       |       |       |   105 |   138 |       ||   243
         Mercury Vapours   |       |       |       |    12 |     9 |       ||    21
         Swiftness         |       |       |       |     1 |     1 |       ||     2
         Arcjolt           |       |       |       |       |    60 |     3 ||    63
Ability: Breathe Acid      |       |       |     1 |     2 |     6 |       ||     9
  Evoke: Wand              |       |       |       |     1 |     1 |       ||     2
    Use: Scroll            |     5 |     6 |     9 |     2 |     4 |       ||    26
         Potion            |       |     4 |     1 |     2 |     8 |       ||    15
   Stab: Invisible         |       |       |       |       |     2 |       ||     2
 Armour: Skin              |    15 |    54 |   308 |   902 |  1365 |    33 ||  2677
  Dodge: Dodged            |    10 |    74 |   140 |   678 |  1519 |    27 ||  2448

Table legend: (Time is in decaauts)
 A = Elapsed time spent in this place.
 B = Non-inter-level travel time spent in this place.
 C = Inter-level travel time spent in this place.
 D = Time resting spent in this place.
 E = Time spent auto-exploring this place.
 F = Levels seen in this place.
 G = Mean time per level.
                   A        B        C        D        E       F      G
               +--------+--------+--------+--------+--------+-----+--------+
         Total |  36034 |  34492 |   1542 |      0 |  28693 |  26 | 1385.9 |
       Dungeon |  18526 |  17656 |    870 |      0 |  14681 |  14 | 1323.3 |
          Lair |  10207 |   9806 |    401 |      0 |   8332 |   5 | 2041.4 |
        Shoals |   1928 |   1855 |     73 |      0 |   1411 |   2 |  964.0 |
     Snake Pit |   2340 |   2282 |     58 |      0 |   1849 |   2 | 1170.0 |
  Orcish Mines |   2138 |   2000 |    138 |      0 |   1730 |   2 | 1069.0 |
         Sewer |    893 |    893 |      0 |      0 |    689 |   1 |  893.0 |
               +--------+--------+--------+--------+--------+-----+--------+

Top non-repeatable levels by time:
  Lair:5: 2498 daAuts
    D:13: 2376 daAuts
  Lair:3: 2310 daAuts
  Lair:1: 1900 daAuts
   Orc:2: 1893 daAuts
  Lair:2: 1831 daAuts
    D:11: 1738 daAuts
  Lair:4: 1666 daAuts
Shoals:1: 1654 daAuts
    D:10: 1622 daAuts
     D:8: 1420 daAuts
     D:5: 1356 daAuts
     D:9: 1316 daAuts
 Snake:1: 1302 daAuts
     D:3: 1282 daAuts
